 Dungeon Crawl Stone Soup version 0.24.0-37-gcf1ca852f1 (webtiles) character file.

Game seed: 11472969994365823385, levelgen mode: deterministic

166 FishyPogo the Conjurer (level 5, -1/42 HPs)
             Began as a Draconian Conjurer on Nov 30, 2019.
             Killed from afar by an orc wizard (6 damage)
             ... with a magic dart
             ... on level 3 of the Dungeon.
             The game lasted 00:10:48 (2403 turns).

FishyPogo the Conjurer (Draconian Conjurer)         Turns: 2403, Time: 00:10:50

Health: -1/42      AC:  5    Str: 11    XL:     5   Next: 22%
Magic:  1/9        EV: 12    Int: 21    God:
Gold:   89         SH:  0    Dex: 11    Spells: 6/9 levels left

rFire    + . .     SeeInvis .   p - +0 mace
rCold    + . .     Gourm    .   (no shield)
rNeg     . . .     Faith    .   (armour unavailable)
rPois    +         Spirit   .   (helmet restricted)
rElec    +         Reflect  .   (no cloak)
rCorr    +         Harm     .   (no gloves)
MR       .....                  (no boots)
Stlth    ++........             (no amulet)
HPRegen  0.14/turn              (no ring)
MPRegen  0.11/turn              (no ring)

@: brilliant, resistant
A: unfitting armour, cold-blooded, AC +5
a: no special abilities


You were on level 3 of the Dungeon.
You were hungry.

You visited 1 branch of the dungeon, and saw 3 of its levels.

You collected 89 gold pieces.

Inventory:

Hand Weapons
 p - a +0 mace (weapon)
Missiles
 c - 99 stones (quivered)
Wands
 k - a wand of digging (6)
Scrolls
 f - a scroll of remove curse {unknown}
 g - a scroll of magic mapping {unknown}
 h - a scroll of enchant armour {unknown}
 i - a scroll of fog {unknown}
 l - 2 scrolls of blinking
 m - 2 scrolls of teleportation {unknown}
 n - 6 scrolls of identify {unknown}
 o - a scroll of amnesia {unknown}
Potions
 j - a potion of resistance
Comestibles
 a - a chunk of flesh
 b - 4 rations


   Skills:
 * Level 2.7 Fighting
 + Level 2.2 Dodging
 - Level 2.0 Stealth
 * Level 2.9 Spellcasting
 - Level 5.0 Conjurations
 + Level 0.8 Evocations


You had 6 spell levels left.
You knew the following spells:

 Your Spells              Type           Power        Failure   Level  Hunger
a - Magic Dart            Conj           ####         1%          1    None
b - Searing Ray           Conj           #####.       1%          2    ##.....

Your spell library contained the following spells:

 Spells                   Type           Power        Failure   Level  Hunger
 Dazzling Spray           Conj/Hex       ####..       1%          3    ###....
 Iskenderun's Mystic Bla  Conj           #####...     2%          4    ####...
 Force Lance              Conj/Tloc      ####....     5%          4    ####...
 Fulminant Prism          Conj/Hex       ####......   5%          4    ####...


Dungeon Overview and Level Annotations

Branches:
Dungeon (3/15)

Altars:
Ru

Annotations:
D:2 Natasha
D:3 3 runed translucent doors


Innate Abilities, Weirdness & Mutations

Your plain brown scales are hard. (AC +5)
You cannot fit into any form of body armour.
You are cold-blooded and may be slowed by cold attacks.


Message History

The orc wizard casts a spell.
The orc wizard blinks!
The orc wizard gestures wildly while chanting.
The orc wizard blinks!
The goblin hits you but does no damage.
You barely miss the goblin. The goblin misses you.
The orc wizard casts a spell.
The orc wizard blinks!
The goblin closely misses you.
The orc wizard gestures wildly while chanting.
The orc wizard blinks!
You hit the goblin but do no damage. The goblin hits you but does no damage.
The orc wizard mumbles some strange words.
The orc wizard blinks!
The goblin hits you but does no damage.
You hit the goblin.
The goblin is severely wounded.
You feel yourself speed up. The goblin hits you with a +0 club.
* * * LOW HITPOINT WARNING * * *
The orc wizard points at you and mumbles some strange words.
The magic dart hits you.
You die...

...# #....##.# (..
...###..# #
#...###...##
..#####....##
#.......#..# ##
###.##.###.# ..
#..รท.# #.# .#
####.###.#########).#
#..)o......@g)...#
#####.##.#########
#....# ######


You could see an orc wizard and a goblin.

Vanquished Creatures
  An orc priest (D:3)
  An orc wizard (D:3)
  Natasha (D:2)
  A worm (D:2)
  A dart slug (D:2)
  7 leopard geckos
  5 orcs (D:3)
  A ball python (D:1)
  3 giant cockroaches
  5 goblins
  10 hobgoblins
  2 jackals (D:2)
  12 bats
  5 frilled lizards
  6 kobolds
  5 rats
66 creatures vanquished.

Notes
Turn   | Place    | Note
-------+----------+-------------------------------------------
     0 | D:1      | FishyPogo the Draconian Conjurer began the quest for the
                  | Orb.
     0 | D:1      | Reached XP level 1. HP: 14/14 MP: 3/3
   130 | D:1      | Reached XP level 2. HP: 20/20 MP: 1/5
   162 | D:1      | Learned a level 2 spell: Searing Ray
   800 | D:2      | Reached XP level 3. HP: 26/26 MP: 3/6
   891 | D:2      | Noticed a phantom
  1316 | D:2      | Reached skill level 5 in Conjurations
  1414 | D:2      | Noticed Natasha
  1425 | D:2      | Killed Natasha
  1425 | D:2      | Reached skill level 1 in Fighting
  1425 | D:2      | Reached XP level 4. HP: 36/36 MP: 2/7
  1583 | D:2      | Found a sacrificial altar of Ru.
  2031 | D:2      | Noticed Natasha
  2099 | D:3      | Found a runed translucent gate.
  2099 | D:3      | Found a runed translucent gate.
  2099 | D:3      | Found a runed translucent gate.
  2373 | D:3      | Reached XP level 5. HP: 42/42 MP: 6/9
  2403 | D:3      | Killed from afar by an orc wizard

Levels and vault maps discovered:
D:1:      dpeg_arrival_court, layout_basic, minmay_misc_feat_encased
D:2:      layout_loops_corners, hangedman_ru_absence, uniq_natasha
D:3:      layout_loops_ring, gammafunk_ghost_icy, uniq_grinder

Skill      XL: |  1  2  3  4 |
---------------+-------------+-----
Stealth        | 2 |  2.0
Dodging        | 2 |  2.2
Conjurations   | 5 |  5.0
Fighting       | 1 2 |  2.7
Spellcasting   | |  2.9
Evocations     | |  0.8

Action                   |  1- 3 |  4- 6 || total
-------------------------+-------+-------++-------
Melee: Unarmed           |     5 |    21 ||    26
       Tailslap          |       |     3 ||     3
       Mace              |       |     6 ||     6
 Cast: Magic Dart        |    77 |    59 ||   136
       Searing Ray       |     2 |     3 ||     5
  Use: Scroll            |       |     1 ||     1
       Potion            |       |     3 ||     3
  Eat: Chunk             |     3 |     3 ||     6
Armor: Skin              |     3 |    13 ||    16
Dodge: Dodged            |    11 |    13 ||    24
